 Dungeon Crawl Stone Soup version 0.21.2-1-g0862bd23eb (webtiles) character file.

7355700 magipi the Convoker (level 27, 190/190 HPs)
             Began as a Demigod Necromancer on Mar 8, 2019.
             Escaped with the Orb
             ... and 10 runes on Nov 26, 2019!
             The game lasted 11:04:11 (102917 turns).

magipi the Convoker (Demigod Necromancer)         Turns: 102917, Time: 11:04:11

Health: 190/190    AC: 26    Str: 17    XL:     27
Magic:  56/56      EV: 23    Int: 29    God:
Gold:   85         SH: 22    Dex: 17    Spells: 0/54 levels left

rFire    + . .     SeeInvis +   a - +9 demon trident (elec)
rCold    + . .     Gourm    .   U - +2 shield {rF+}
rNeg     + + +     Faith    .   o - +3 acid dragon scales
rPois    +         Spirit   .   Y - +2 hat {MR+}
rElec    .         Reflect  .   n - +2 cloak {MR+}
rCorr    +         Harm     .   h - +2 pair of gloves {Dex+3}
MR       +++++                  p - +2 pair of boots {Fly}
Stlth    ++........             r - amulet of regeneration
HPRegen  0.81/turn              i - ring "Forget-Me-Not" {rPois rN+ Int+2 SInv}
MPRegen  0.35/turn              c - ring "Bewaeloc" {*Drain rC+ rN+++ MP+9 Str-2, =R}

@: no status effects
A: antennae 1, beak, large bone plates 2, blink, blurry vision 2, clumsy 1,
dopey 1, frail 2, high mp 1, magic resistance 1, inhibited regeneration, no
potion heal 1
0: Orb of Zot
}: 10/15 runes: decaying, serpentine, slimy, silver, abyssal, demonic, glowing,
magical, fiery, dark
a: Blink, Evoke Flight


You escaped.
You were very full.

You visited 12 branches of the dungeon, and saw 58 of its levels.
You visited Pandemonium 3 times, and saw 15 of its levels.
You visited the Abyss 4 times.
You also visited: Labyrinth, Sewer and Bailey.

You collected 13168 gold pieces.
You spent 13083 gold pieces at shops.

Inventory:

Hand Weapons
 a - a +9 demon trident of electrocution (weapon)
   (You took it off Louise on level 15 of the Dungeon)
 b - a +8 blowgun
   (You found it on level 3 of the Realm of Zot)
 w - the +9 dagger of the Chickpea {pierce, Str+3}
   (You found it on level 2 of the Snake Pit)

   It inflicts extra damage upon your enemies.
   It affects your strength (+3).
Missiles
 k - 14 curare-tipped needles
 J - 9 throwing nets (quivered)
Armour
 h - a +2 pair of gloves of dexterity (worn)
   (You took it off Nikola on level 2 of the Depths)
 n - a +2 cloak of magic resistance (worn)
   (You found it on level 5 of the Vaults)
 o - +3 acid dragon scales (worn)
   (You found it on level 2 of the Vaults)
 p - a +2 pair of boots of flying (worn)
   (You found it on level 5 of the Vaults)
 U - a +2 shield of fire resistance (worn)
   (You bought it in a shop on level 1 of the Orcish Mines)
 Y - a +2 hat of magic resistance (worn)
   (You found it on level 9 of the Dungeon)
Jewellery
 c - the ring "Bewaeloc" (right hand) {*Drain rC+ rN+++ MP+9 Str-2, =R}
   (You found it on level 5 of the Pits of Slime)

   [ring of magical power]

   It affects your strength (-2).
   It protects you from cold.
   It renders you almost immune to negative energy.
   It affects your magic capacity (+9).
   It causes draining when unequipped.
 e - the ring of Fapiuz {+Fly rElec rF- SInv Stlth+}
   (You found it on level 3 of the Elven Halls)

   [ring of see invisible]

   It makes you vulnerable to fire.
   It insulates you from electricity.
   It lets you see invisible.
   It lets you fly.
   It makes you more stealthy.
 f - the ring of Ynnu {rF+++ rN+ Int+2 Dex-5 Stlth-}
   (You found it on level 1 of the Lair of Beasts)

   [ring of intelligence]

   It affects your intelligence (+2).
   It affects your dexterity (-5).
   It renders you almost immune to fire.
   It protects you from negative energy.
   It makes you less stealthy.
 i - the ring "Forget-Me-Not" (left hand) {rPois rN+ Int+2 SInv}
   (You found it on level 5 of the Vaults)

   [ring of positive energy]

   It affects your intelligence (+2).
   It protects you from poison.
   It protects you from negative energy.
   It lets you see invisible.
 r - an amulet of regeneration (around neck)
   (You found it on level 6 of the Lair of Beasts)
Wands
 d - a wand of digging (21)
   (You found it on level 5 of the Pits of Slime)
 q - a wand of acid (12)
   (You found it on level 5 of the Dungeon)
 s - a wand of enslavement (23)
   (You found it on level 6 of the Dungeon)
 v - a wand of scattershot (4)
   (You found it on level 2 of the Crypt)
 I - a wand of paralysis (59)
   (You bought it in a shop on level 3 of the Snake Pit)
 L - a wand of polymorph (62)
   (You took it off an orc on level 5 of the Dungeon)
 P - a wand of clouds (19)
   (You found it on level 4 of the Lair of Beasts)
 S - a wand of iceblast (71)
   (You found it in Pandemonium)
Scrolls
 g - 10 scrolls of teleportation
 j - 11 scrolls of identify
 B - 3 scrolls of blinking
 G - 8 scrolls of fog
 T - 10 scrolls of fear
 W - 3 scrolls of magic mapping
 X - 24 scrolls of remove curse
 Z - 2 scrolls of holy word
Potions
 l - 4 potions of haste
 t - 11 potions of brilliance
 z - 7 potions of cancellation
 A - 8 potions of ambrosia
 F - 5 potions of invisibility
 H - 7 potions of heal wounds
 K - 3 potions of berserk rage
 M - 5 potions of magic
 N - 19 potions of curing
 O - 5 potions of agility
 R - 2 potions of might
Miscellaneous
 m - 3 boxes of beasts
 u - a phial of floods
   (You found it in Pandemonium)
 y - a lamp of fire
   (You found it on level 10 of the Dungeon)
 D - 3 phantom mirrors
 Q - a lightning rod (4/4)
   (You found it on level 5 of the Lair of Beasts)
 V - a sack of spiders
Comestibles
 x - 25 rations


   Skills:
 - Level 18.0 Fighting
 - Level 14.1(15.1) Short Blades
   Level 9.6(13.0) Long Blades
 - Level 13.6(14.0) Polearms
   Level 5.0(10.3) Staves
 - Level 10.0 Throwing
 - Level 16.0 Armour
 - Level 16.0 Dodging
 - Level 15.0 Stealth
 - Level 15.0 Shields
 - Level 14.0 Spellcasting
 * Level 9.4 Charms
 - Level 18.0 Summonings
 - Level 12.0 Necromancy
 - Level 14.0 Translocations
 - Level 4.0 Transmutations
 * Level 9.4 Air Magic
 - Level 12.0 Earth Magic
 - Level 16.0 Evocations


You couldn't memorise any spells.
You knew the following spells:

 Your Spells              Type           Power        Failure   Level  Hunger
a - Apportation           Tloc           ######       0%          1    None
b - Blink                 Tloc           N/A          0%          2    None
d - Animate Dead          Necr           N/A          1%          4    None
e - Animate Skeleton      Necr           N/A          1%          1    None
g - Passage of Golubria   Tloc           N/A          1%          4    None
k - Borgnjor's Vile Clut  Necr/Erth      ######....   1%          5    None
l - Summon Lightning Spi  Summ/Air       #######.     1%          4    None
m - Deflect Missiles      Chrm/Air       ######....   10%         6    ####...
p - Lee's Rapid Deconstr  Erth           ######....   1%          5    None
r - Regeneration          Chrm/Necr      ######....   1%          3    None
s - Monstrous Menagerie   Summ           #######...   1%          7    #####..
v - Vampiric Draining     Necr           ######....   1%          3    None
w - Passwall              Tmut/Erth      ######....   1%          2    None
G - Malign Gateway        Summ/Tloc      #######...   3%          7    #####..


Dungeon Overview and Level Annotations

Branches:
Dungeon (15/15)            Temple (0/1) D:5            Lair (6/6) D:11
  Swamp (4/4) Lair:3        Snake (4/4) Lair:4        Slime (5/5) Lair:6
    Orc (2/2) D:9             Elf (3/3) Orc:2        Vaults (5/5) D:14
  Crypt (3/3) Vaults:2       Tomb (0/3) Crypt:3      Depths (5/5) D:15
   Hell (1/1)                 Dis (0/7) Hell            Geh (0/7) Hell
    Coc (0/7) Hell            Tar (0/7) Hell            Zot (5/5) Depths:5

Shops:
D:6 [   D:7 *[   D:8 *   D:13 *   Orc:1 [   Orc:2 ?([!   Elf:1 %   Snake:3 }=}
Vaults:4 :   Depths:2 *   Depths:5 *}

Portals:
Hell: Depths:1 Depths:2 Depths:3 Depths:4 Depths:5
Abyss: Depths:4
Pandemonium: Depths:1 Depths:3
Ziggurat: Depths:1

Annotations:
Elf:2 3 runed doors


Innate Abilities, Weirdness & Mutations

You have an increased reservoir of magic. (+10% MP)
You have a pair of small antennae on your head.
You have a beak for a mouth.
You are mostly covered in large bone plates. (SH +6)
You can translocate small distances at will.
Scrolls take you longer to read.
You are clumsy. (Dex -2)
You are dopey. (Int -2)
You are very frail. (-20% HP)
You are resistant to hostile enchantments. (MR+)
You do not regenerate when monsters are visible.
Potions are less effective at restoring your health.


Message History

There is a stone staircase leading up here.
You climb upwards.
There is a stone staircase leading down here.
Magic restored.
A soul eater comes into view.
There is an open door here.
Casting: Borgnjor's Vile Clutch
Confirm with . or Enter, or press ? or * to list all spells.
Which direction?
You begin to meditate on the wall.
You continue meditating on the rock. x3
You finish merging with the rock.
(D) Dungeon (T) Temple (L) Lair (S) Swamp (P) Snake Pit (M) Slime Pits (O) Orcish Mines (E) Elven Halls (V) Vaults (C) Crypt (W) Tomb (U) Depths (H) Hell (I) Dis (G) Gehenna (X) Cocytus (Y) Tartarus (Z) Zot
Where to? (Enter - D:1 @ (x,y), ? - help)
You climb upwards.
Magic restored.
There is a stone staircase leading down here.
An ufetubus comes into view.
Casting: Passwall
Confirm with . or Enter, or press ? or * to list all spells.
Aiming: Borgnjor's Vile Clutch
Press: ? - help, Dir - move target cursor, f - ufetubus
Aim: an ufetubus Decaying hands burst forth from the earth!
Zombie hands grab the ufetubus.
The zombie hands constrict the ufetubus!
You kill the ufetubus!
Unknown command.
(D) Dungeon (T) Temple (L) Lair (S) Swamp (P) Snake Pit (M) Slime Pits (O) Orcish Mines (E) Elven Halls (V) Vaults (C) Crypt (W) Tomb (U) Depths (H) Hell (I) Dis (G) Gehenna (X) Cocytus (Y) Tartarus (Z) Zot
Where to? (Enter - D:1 @ (x,y), ? - help)
There is a stone staircase leading up here.
You climb upwards.
There is a stone staircase leading down here.
There is an open door here.
A chaos spawn comes into view.
There is a stone staircase leading up here.
Attack whom?
Press: ? - help, Dir - move target cursor, f - chaos spawn
Aim: a chaos spawn You reach to attack!
You puncture the chaos spawn!
The chaos spawn is moderately wounded.
Attack whom?
Press: ? - help, Dir - move target cursor, f/p - chaos spawn
Aim: a chaos spawn (moderately wounded)
You reach to attack!
You impale the chaos spawn!!
Lightning courses through the chaos spawn!
You kill the chaos spawn!
The chaos spawn degenerates into a cloud of primal chaos!
There is a stone staircase leading up here.
(D) Dungeon (T) Temple (L) Lair (S) Swamp (P) Snake Pit (M) Slime Pits (O) Orcish Mines (E) Elven Halls (V) Vaults (C) Crypt (W) Tomb (U) Depths (H) Hell (I) Dis (G) Gehenna (X) Cocytus (Y) Tartarus (Z) Zot
Where to? (Enter - D:1 @ (x,y), ? - help)
You climb upwards.
There is a stone staircase leading down here.
There is a stone staircase leading up, spattered with blood here.
You climb upwards.
There is a stone staircase leading down here.
There is a stone staircase leading up here.
You climb upwards.
There is a stone staircase leading down here.
A sun demon comes into view.
Casting: Borgnjor's Vile Clutch
Confirm with . or Enter, or press ? or * to list all spells.
Which direction?
You begin to meditate on the wall.
You continue meditating on the rock.
The sun demon completely misses you.
You continue meditating on the rock.
The sun demon completely misses you. You block the sun demon's attack.
You finish merging with the rock.
There is a stone staircase leading up here.
(D) Dungeon (T) Temple (L) Lair (S) Swamp (P) Snake Pit (M) Slime Pits (O) Orcish Mines (E) Elven Halls (V) Vaults (C) Crypt (W) Tomb (U) Depths (H) Hell (I) Dis (G) Gehenna (X) Cocytus (Y) Tartarus (Z) Zot
Where to? (Enter - D:1 @ (x,y), ? - help)
You climb upwards.
There is a stone staircase leading down here.
There is a stone staircase leading up here.
You climb upwards.
There is a stone staircase leading down, spattered with blood here.
There is an escape hatch in the ceiling here.
A mysterious force pulls you upwards. The hatch slams shut behind you.
There is a stone staircase leading up here.
You climb upwards.
There is a stone staircase leading down here.
You hear a grinding noise.
You hear a grinding noise.
There is an open door here.
There is a staircase leading out of the dungeon here.
You have escaped!

##### ######.@.######
#######.............###
####...#.................###
#.Z..#.+.................'.#
#Z##.###.................#.#
#Z##.# ###.............###.#
#.##Z# ###.........### #.#
..##.# ###.....### #.#####
####.### ###.........###
#.....##


There were no monsters in sight!

Vanquished Creatures
  Cerebov (Pan)
  the Royal Jelly (Slime:5)
  Gloorx Vloq (Pan)
  A seraph (Pan)
  Khufu (Crypt:1)
  2 orbs of fire
  A pandemonium lord (Pan)
  7 ancient liches
  2 greater mummies (Crypt:1)
  the Lernaean hydra (Swamp:4)
  The ghost of PeterLawrence the Conqueror, a veteran MiFi of Okawaru (Vaults:5)
  Bai Suzhen (Snake:3)
  7 curse toes
  Xtahua (Depths:4)
  2 Killer Klowns
  Geryon (Hell)
  13 golden dragons
  A profane servitor (Depths:1)
  Nikola (Depths:2)
  A bone dragon (Crypt:3)
  3 Brimstone Fiends (Pan)
  2 pearl dragons (Pan)
  2 Tzitzimimeh (Pan)
  3 electric golems
  A Hell Sentinel (Pan)
  12 tentacled monstrosities
  Jorgrun (Swamp:2)
  19 Orb Guardians (Zot:5)
  7 liches
  2 deep elf blademasters (Elf:3)
  4 titans
  6 quicksilver dragons
  2 deep elf master archers (Elf:3)
  Asterion (Depths:2)
  10 death cobs
  3 thorn hunters
  17 acid blobs
  2 sphinxes
  Agnes (D:15)
  30 Executioners (Pan)
  An ancient champion (Crypt:1)
  5 tentacled starspawn
  Frances (Snake:1)
  13 storm dragons
  17 shadow dragons
  3 revenants
  23 azure jellies
  4 fire giants
  5 tengu reavers
  A frost giant (shapeshifter) (Vaults:5)
  2 draconian monks
  4 nagarajas (Snake:4)
  3 ghost moths (Zot:5)
  15 vault wardens
  14 frost giants
  18 daevas (Pan)
  6 draconian knights
  An orc warlord (Orc:2)
  3 iron dragons
  8 cacodemons
  Louise (D:15)
  9 deep elf sorcerers
  Aizul (Snake:4)
  3 blood saints (Pan)
  5 warmongers (Pan)
  7 draconian scorchers
  8 deep elf elementalists
  18 balrugs
  36 angels (Pan)
  12 ophanim (Pan)
  9 reapers
  3 curse skulls
  6 draconian shifters
  A spriggan defender (Depths:4)
  A stone giant (shapeshifter) (Vaults:4)
  15 ironheart preservers
  3 draconian stormcallers
  6 ghouls
  A war gargoyle (Hell)
  6 entropy weavers
  9 stone giants
  6 draconian annihilators
  19 very ugly things
  7 vampire knights
  Nessos (D:13)
  4 black draconians
  7 green draconians
  6 lorocyprocas
  3 corrupters (Pan)
  10 yellow draconians
  Azrael (D:15)
  7 deep elf demonologists
  8 red draconians
  29 apis (Pan)
  8 deep elf annihilators
  2 spark wasps
  10 white draconians
  5 purple draconians
  5 dire elephants (Abyss:3)
  2 eidola
  12 deep elf death magi
  9 green deaths
  21 jiangshi
  9 death oozes
  2 pearl dragon zombies (Depths:1)
  12 blizzard demons
  9 fire dragons
  18 ettins
  8 deep elf high priests
  28 vault guards
  12 great orbs of eyes
  A minotaur (Lab)
  A quicksilver dragon skeleton (Depths:1)
  9 naga warriors
  Josephine (Swamp:1)
  19 yaktaur captains
  8 ice dragons
  A quicksilver dragon zombie (Hell)
  2 monstrous demonspawn (Pan)
  5 rakshasas
  An ice dragon (shapeshifter) (Vaults:5)
  2 kraken zombies (Hell)
  2 spriggan air magi
  7 anacondas
  19 hydras
  Fannar (Lair:1)
  8 alligators
  6 centaur warriors
  14 ogre magi
  43 two-headed ogres
  A queen ant (Lair:6)
  15 dancing weapons
  9 death knights
  8 tengu warriors
  9 deep troll earth magi
  6 deep troll shamans
  3 spriggan berserkers
  7 naga sharpshooters
  7 shock serpents
  A death yak (Lair:6)
  2 orc high priests
  A shock serpent (shapeshifter) (Vaults:4)
  13 thrashing horrors
  10 hell hogs
  7 vampire magi
  20 deep elf knights
  19 soul eaters
  2 iron golems (Hell)
  7 wretched stars
  11 hell knights
  32 sun demons
  A fire crab (Lair:6)
  36 skeletal warriors
  A spatial maelstrom (Abyss:3)
  16 shadow wraiths
  11 cherubim (Pan)
  5 iron trolls
  19 sixfirhies (Pan)
  2 titan skeletons (Pan)
  2 glowing orange brains (shapeshifter)
  An anaconda zombie (Hell)
  An unseen horror (Abyss:3)
  A fire crab (shapeshifter) (Vaults:1)
  A storm dragon skeleton (Pan)
  7 starcursed masses
  11 glowing orange brains
  A golden dragon skeleton (Depths:1)
  5 swamp dragons
  10 flayed ghosts
  5 naga ritualists
  6 gelid demonspawn (Pan)
  2 unseen horrors (shapeshifter)
  A spriggan druid (Swamp:3)
  A swamp dragon (shapeshifter) (Vaults:2)
  3 shadow demons
  2 golden dragon zombies
  3 shambling mangroves
  15 deep elf archers
  An orange crystal statue (Depths:3)
  25 deep trolls
  A sea snake (Snake:2)
  5 infernal demonspawn (Pan)
  14 ironbrand convokers
  2 shadow dragon zombies
  A harpy (shapeshifter) (Abyss:3)
  2 anaconda skeletons (Pan)
  6 torturous demonspawn (Pan)
  13 wizards
  10 phantasmal warriors
  Pikel (D:9)
  12 orc knights
  12 necromancers
  A mana viper (shapeshifter) (Depths:1)
  13 mana vipers
  4 shining eyes
  54 deep elf magi
  A manticore (D:13)
  A wolf spider zombie (D:15)
  7 cyclopes
  2 fire giant zombies
  13 orc sorcerers
  A stone giant zombie (Hell)
  5 salamanders
  3 wolf spiders
  3 oklob plants (Lair:6)
  3 shadow dragon skeletons
  A faun (shapeshifter) (D:14)
  35 ugly things
  11 elephants
  25 moths of wrath
  3 worldbinders
  4 apis skeletons (Depths:1)
  31 black mambas
  Joseph (Lair:1)
  2 apocalypse crabs (Abyss:3)
  A dire elephant zombie (Hell)
  A centaur zombie (D:15)
  2 stone giant skeletons (Pan)
  3 fire giant skeletons
  2 frost giant skeletons
  23 smoke demons
  A torpor snail (Lair:6)
  3 guardian serpents
  2 iron dragon skeletons (Pan)
  10 rust devils
  9 naga magi
  2 eyes of devastation (Slime:5)
  The ghost of p0werm0de the Martial Artist, a novice OpNe (D:5)
  13 orange demons
  A dire elephant skeleton (Pan)
  17 vault sentinels
  2 centaur skeletons (D:15)
  3 gargoyles
  27 spiny frogs
  A kobold demonologist (D:14)
  2 rime drakes (Lair:5)
  4 hellions (Pan)
  13 freezing wraiths
  A redback zombie (D:14)
  63 yaktaurs
  4 anaconda simulacra (Depths:3)
  3 human zombies (Vaults:4)
  A tormentor (Pan)
  3 ice devils (Hell)
  3 efreet
  5 komodo dragons
  2 yaktaurs (shapeshifter)
  7 demonic crawlers
  A harpy zombie (Hell)
  13 hellwings
  3 ancient zymes
  4 tengu conjurers (D:14)
  2 polar bears (Lair:4)
  A jumping spider (shapeshifter) (Abyss:2)
  A sea snake skeleton (Crypt:1)
  51 large abominations
  3 hydra zombies (Hell)
  23 red devils
  7 trolls
  7 tyrant leeches
  A merfolk (D:9)
  An iron troll skeleton (Crypt:1)
  A jumping spider (Vaults:4)
  2 hydra skeletons
  16 raiju
  82 slime creatures
  3 alligator zombies
  8 bog bodies
  12 hornets
  11 hippogriffs
  15 blink frogs
  An ice dragon zombie (Crypt:2)
  2 centaur simulacra (D:9)
  Sigmund (D:3)
  A stone giant simulacrum (Vaults:1)
  A spriggan (shapeshifter) (Vaults:1)
  4 air elementals
  47 flying skulls (Crypt:3)
  8 shadows
  2 ettin skeletons
  13 wraiths
  28 ynoxinuls
  A redback (shapeshifter) (Vaults:5)
  5 redbacks
  8 water elementals
  3 spriggans
  2 wyverns (Lair:5)
  12 fire elementals
  5 basilisks
  14 neqoxecs
  8 fire bats (Abyss:3)
  11 golden eyes
  31 yaks
  3 basilisks (shapeshifter)
  A golden eye (shapeshifter) (Vaults:4)
  21 vampire mosquitoes
  14 chaos spawn
  2 spatial vortices (Abyss:3)
  14 wargs
  2 acid dragons
  6 soldier ants
  17 swamp worms
  2 spiny frog zombies
  16 water moccasins
  53 nagas
  A water moccasin (shapeshifter) (Vaults:5)
  A hydra simulacrum (Hell)
  4 spectral spriggans
  Duvessa (D:7)
  18 hell hounds
  8 porcupines
  61 orc warriors
  A two-headed ogre skeleton (Crypt:1)
  2 floating eyes (shapeshifter)
  A slave (D:9)
  2 sky beasts
  2 spectral trolls (Depths:3)
  The ghost of dscm the Grave Robber, an amateur FeNe of Uskayaw (D:4)
  12 necrophages
  A fire dragon simulacrum (Crypt:3)
  A hornet zombie (D:14)
  9 ice beasts
  16 swamp drakes
  A snapping turtle zombie (Depths:3)
  9 eyes of draining
  36 ogres
  A spiny frog skeleton (Pan)
  17 wolves
  3 boggarts (Depths:1)
  A centaur (shapeshifter) (Vaults:4)
  13 centaurs
  An elephant skeleton (Crypt:2)
  A lindwurm skeleton (Crypt:1)
  11 crocodiles
  A hog skeleton (Crypt:2)
  7 big kobolds
  A fire crab zombie (Crypt:1)
  3 elf zombies (Elf:1)
  Blork the orc (D:4)
  A wyvern zombie (D:8)
  22 bullfrogs
  4 gnoll sergeants (D:9)
  4 earth elementals
  17 small abominations
  4 scorpions
  3 spectral nagas (Depths:3)
  6 spectral ogres (Depths:3)
  A troll zombie (Crypt:2)
  Dowan (D:7)
  A killer bee (shapeshifter) (Vaults:5)
  A snapping turtle simulacrum (Abyss:5)
  11 killer bees
  16 wights
  4 electric eels (Lair:1)
  6 howler monkeys
  A bullfrog zombie (D:5)
  15 crimson imps
  2 spectral centaurs (Depths:3)
  A wolf skeleton (Crypt:2)
  2 jellies
  A human simulacrum (Vaults:4)
  4 quasits
  29 orc priests
  6 hounds
  Crazy Yiuf (D:2)
  3 bullfrog skeletons
  4 iguanas
  2 iron imps
  Jessica (D:2)
  31 orc wizards
  19 worker ants
  2 spriggan simulacra
  A mummy (Crypt:1)
  5 gnolls
  A river rat (Sewer)
  14 adders
  3 shadow imps
  2 ufetubi
  A lava snake skeleton (Crypt:2)
  2 worms
  2 dart slugs
  6 leopard geckos
  119 orcs
  3 giant cockroaches
  6 hobgoblins
  11 jackals
  20 kobolds
  5 quokkas
  7 ball pythons
  5 bats
  12 frilled lizards
  6 goblins
  2 leopard gecko skeletons
  2 leopard gecko zombies (D:5)
  A quokka skeleton (D:4)
  2 rats
  A briar patch (Swamp:3)
  A bush (Lair:5)
  2 crawling corpses (Vaults:4)
  2 fire vortices (Pan)
  3 fungi
  A lurking horror (Abyss:3)
  19 plants
  5 starspawn tentacles (Abyss:3)
  3 tentacles (Hell)
3212 creatures vanquished.

Vanquished Creatures (collateral kills)
  Dissolution (Slime:4)
  Mnoleg (Pan)
  2 ancient liches (Zot:5)
  4 orbs of fire
  A Killer Klown (Zot:5)
  Saint Roka (Orc:2)
  A curse toe (Zot:3)
  2 golden dragons
  A profane servitor (Crypt:3)
  The ghost of Pad the Slayer, a veteran GrGl of Okawaru (Depths:3)
  3 electric golems
  6 tentacled monstrosities
  6 Orb Guardians (Zot:5)
  3 liches
  3 acid blobs (Slime:5)
  A quicksilver dragon (Zot:1)
  2 Executioners (Pan)
  5 shadow dragons
  2 ancient champions
  An eldritch tentacle (Pan)
  2 death cobs
  A tengu reaver (Vaults:5)
  5 daevas (Pan)
  4 storm dragons
  A draconian monk (Zot:2)
  3 frost giants
  A nagaraja (Snake:4)
  A vault warden (Vaults:5)
  A draconian knight (Zot:2)
  An iron dragon (Depths:4)
  A warmonger (Pan)
  2 deep elf sorcerers
  2 draconian annihilators
  3 balrugs (Pan)
  A draconian stormcaller (Zot:1)
  An ironheart preserver (Vaults:1)
  A spriggan defender (Depths:4)
  A reaper (Hell)
  2 ghouls (Crypt:1)
  2 angels (Pan)
  6 cacodemons (Pan)
  A stone giant (Depths:5)
  2 ophanim (Pan)
  A deep elf demonologist (Elf:3)
  6 apis (Pan)
  2 green draconians (Zot:4)
  2 very ugly things
  A yellow draconian (Zot:1)
  2 black draconians (Zot:1)
  3 red draconians
  5 white draconians
  A deep elf annihilator (Elf:3)
  A blizzard demon (Abyss:3)
  A small abomination (Depths:5)
  An eidolon (Depths:3)
  A fire dragon (Depths:3)
  A green death (Pan)
  A jiangshi (Crypt:3)
  2 ettins
  Harold (Lair:1)
  4 hydras
  3 ice dragons
  3 naga warriors
  A vault guard (Vaults:5)
  A ghost crab (Swamp:4)
  3 rakshasas
  A centaur warrior (Vaults:1)
  3 alligators
  A death knight (Crypt:3)
  An ogre mage (Vaults:4)
  A deep troll earth mage (Depths:5)
  A naga sharpshooter (Snake:3)
  A deep troll shaman (Depths:5)
  4 two-headed ogres
  3 shock serpents
  A spriggan berserker (Depths:5)
  2 sun demons (Pan)
  A hell knight (Vaults:5)
  A sixfirhy (Pan)
  5 skeletal warriors
  A salamander mystic (Snake:4)
  A glowing orange brain (Depths:3)
  An iron troll (Depths:3)
  A shambling mangrove (Swamp:1)
  A sea snake (Snake:2)
  A torturous demonspawn (Pan)
  2 deep trolls
  3 cherubim (Pan)
  A naga ritualist (Snake:4)
  2 ironbrand convokers
  5 swamp dragons
  An orange crystal statue (Depths:3)
  3 flayed ghosts (Depths:3)
  3 wizards
  3 mana vipers
  2 orc knights
  5 phantasmal warriors
  A necromancer (Vaults:4)
  2 ugly things (Vaults:1)
  An oklob plant (Lair:6)
  4 deep elf magi
  A cyclops (D:14)
  3 shining eyes
  2 salamanders (Snake:4)
  6 moths of wrath
  An elephant (Lair:4)
  4 vault sentinels
  6 black mambas
  2 guardian serpents
  5 smoke demons (Pan)
  5 naga magi
  2 orange demons (Pan)
  9 spiny frogs
  3 large abominations
  5 yaktaurs
  3 freezing wraiths
  4 demonic crawlers (Pan)
  A spectral merfolk (Depths:3)
  4 hellwings (Pan)
  2 polar bears
  3 tyrant leeches
  A raiju (Abyss:3)
  A hornet (Swamp:1)
  Prince Ribbit (Lair:3)
  6 blink frogs
  16 slime creatures
  2 hippogriffs
  4 dream sheep (Lair:6)
  An air elemental (Depths:5)
  2 flying skulls (Crypt:3)
  A water elemental (Depths:3)
  A ynoxinul (Pan)
  A shadow (Depths:3)
  4 wraiths
  A basilisk (D:15)
  2 wyverns
  5 yaks
  9 neqoxecs
  A hungry ghost (D:11)
  5 vampire mosquitoes
  4 chaos spawn (Pan)
  A yaktaur simulacrum (Vaults:1)
  3 swamp worms
  9 nagas
  A warg (Orc:2)
  A porcupine (Lair:4)
  6 water moccasins
  2 floating eyes
  A spectral spriggan (Depths:3)
  4 orc warriors
  3 swamp drakes
  A sky beast (D:15)
  A phantom (D:12)
  An eye of draining (Slime:5)
  6 ogres
  2 centaurs
  4 wolves (Lair:6)
  A crocodile (Lair:3)
  4 bullfrogs
  A spectral naga (Depths:3)
  An electric eel (Lair:6)
  A hound (D:9)
  2 worker ants (D:14)
  3 gnolls (D:9)
  2 oozes (Sewer)
  A worm (D:3)
  15 orcs
  2 jackals
  A ball python (Lair:4)
  A kobold (D:7)
  A butterfly (D:3)
  2 crawling corpses (Depths:5)
  3 fire vortices (Pan)
  5 fungi
  6 plants
446 creatures vanquished.

Vanquished Creatures (others)
  2 death cobs
  29 eldritch tentacles
  A draconian knight (Zot:4)
  A draconian shifter (Zot:1)
  2 very ugly things (Depths:5)
  A draconian annihilator (Pan)
  2 ettins
  A spriggan air mage (Depths:5)
  A shock serpent (Snake:4)
  A hell hog (Abyss:3)
  A deep elf knight (Elf:3)
  2 deep trolls (Depths:5)
  A salamander (Snake:2)
  A moth of wrath (Zot:5)
  An ugly thing (Depths:5)
  An orange demon (Pan)
  A smoke demon (Pan)
  2 hellwings (Pan)
  A slime creature (D:9)
  An air elemental (Elf:3)
  A ynoxinul (Abyss:5)
  A water elemental (Depths:5)
  A fire bat (Abyss:3)
  A fire elemental (Hell)
  A crimson imp (Pan)
  3 ball lightnings (Pan)
  An orc (Vaults:5)
  3 blocks of ice (Pan)
  A briar patch (Swamp:1)
  4 bushes (Lair:6)
  2 fire vortices (Pan)
  8 fungi
  28 plants
  14 starspawn tentacles (Abyss:3)
  22 tentacles (Hell)
144 creatures vanquished.

Grand Total: 3802 creatures vanquished

Notes
Turn   | Place    | Note
-------+----------+-------------------------------------------
     0 | D:1      | magipi the Demigod Necromancer began the quest for the Orb.
     0 | D:1      | Reached XP level 1. HP: 14/14 MP: 5/5
    51 | D:1      | Learned a level 1 spell: Animate Skeleton
   513 | D:1      | Reached XP level 2. HP: 4/20 MP: 0/7
  1256 | D:2      | Found an iron altar of Okawaru.
  1296 | D:2      | Reached XP level 3. HP: 19/26 MP: 2/9
  1473 | D:2      | Noticed Jessica
  1479 | D:2      | Killed Jessica
  1683 | D:2      | Found a hide-covered altar of Uskayaw.
  1808 | D:2      | Found a runed door.
  1865 | D:2      | Found a basalt altar of Yredelemnul.
  1989 | D:2      | Reached XP level 4. HP: 31/33 MP: 6/10
  2415 | D:3      | Learned a level 3 spell: Vampiric Draining
  2467 | D:3      | Noticed Sigmund
  2552 | D:3      | Reached skill level 5 in Necromancy
  2761 | D:3      | Found a shimmering altar of Xom.
  3242 | D:3      | Found a shimmering altar of Xom.
  3273 | D:3      | Reached XP level 5. HP: 37/38 MP: 9/12
  3311 | D:4      | Found a shadowy altar of Dithmenos.
  3640 | D:4      | Noticed a phantom
  3697 | D:3      | Reached XP level 6. HP: 28/45 MP: 5/14
  3801 | D:4      | Found a glowing drain.
  3815 | Sewer    | Entered a sewer
  4119 | Sewer    | Learned a level 5 spell: Borgnjor's Vile Clutch
  4232 | Sewer    | Reached skill level 1 in Earth Magic
  4445 | Sewer    | Gained mutation: You expend magic power (3 MP) to strengthen your wands. [potion of mutation]
  4445 | Sewer    | Gained mutation: You are agile. (Dex +2) [potion of mutation]
  4630 | D:4      | Noticed Blork the orc
  4639 | D:4      | Killed Blork the orc
  4639 | D:4      | Reached XP level 7. HP: 30/50 MP: 7/16
  4808 | D:4      | Noticed dscm's ghost (amateur FeNe)
  5178 | D:5      | Entered Level 5 of the Dungeon
  5813 | D:5      | Noticed p0werm0de's ghost (novice OpNe)
  6832 | D:5      | Found a staircase to the Ecumenical Temple.
  7186 | D:6      | Identified the +3 plate armour of Korghyas {rF- rCorr SInv} (You found it on level 6 of the Dungeon)
  7357 | D:6      | Found Poorhekk's Antique Armour Shoppe.
  7439 | D:6      | Found a faded altar of an unknown god.
  7439 | D:6      | Found a glowing silver altar of Zin.
  7516 | D:6      | Found a faded altar of an unknown god.
  7518 | D:6      | Found a stormy altar of Qazlal.
  7520 | D:6      | Found an ancient bone altar of Kikubaaqudgha.
  7811 | D:7      | Reached skill level 5 in Earth Magic
  7811 | D:7      | Reached XP level 8. HP: 48/57 MP: 0/17
  7929 | D:7      | Learned a level 4 spell: Animate Dead
  8077 | D:7      | Noticed Dowan
  8080 | D:7      | Noticed Duvessa
  8084 | D:7      | Killed Dowan
  8085 | D:7      | Killed Duvessa
  8224 | D:7      | Found Mihixt's General Store.
  8236 | D:7      | Bought a potion of cancellation for 80 gold pieces
  8236 | D:7      | Bought a potion of curing for 30 gold pieces
  8236 | D:7      | Bought a potion of ambrosia for 80 gold pieces
  8397 | D:7      | Found Resemm's Antique Armour Shop.
  8749 | D:8      | Found a snail-covered altar of Cheibriados.
  8767 | D:8      | Identified the +10 hand axe of the Eight Spirits {drain, +Rage} (You found it on level 8 of the Dungeon)
  9057 | D:8      | Noticed a cyan ugly thing
  9141 | D:8      | Reached XP level 9. HP: 62/62 MP: 11/18
  9276 | D:8      | Reached skill level 1 in Fighting
  9280 | D:8      | Identified the cursed +0 robe "Fovverum" {-Tele rN+ rCorr Int+6} (You found it on level 8 of the Dungeon)
  9483 | D:8      | Killed a cyan ugly thing
  9611 | D:8      | Found Mutyguno's Assorted Antiques.
  9761 | D:8      | Bought a helmet for 144 gold pieces
  9854 | D:9      | Found a staircase to the Orcish Mines.
  9882 | D:9      | Reached skill level 5 in Dodging
 10111 | D:9      | Reached XP level 10. HP: 74/80 MP: 14/20
 10153 | D:9      | Reached skill level 5 in Fighting
 10186 | D:9      | Found an ornate altar of the Wu Jian Council.
 10303 | D:9      | Found a transporter.
 10501 | D:9      | Noticed Pikel
 10507 | D:9      | Killed Pikel
 10507 | D:9      | Reached skill level 5 in Spellcasting
 10639 | D:9      | Found a shattered altar of Ashenzari.
 10898 | D:9      | Found a runed door.
 10906 | D:9      | Noticed a death knight
 11038 | D:9      | Found a transporter.
 11205 | D:10     | Entered Level 10 of the Dungeon
 11713 | D:10     | Reached skill level 1 in Evocations
 13221 | D:11     | Noticed a cyan ugly thing
 13226 | D:11     | Killed a cyan ugly thing
 13380 | D:11     | Found a staircase to the Lair.
 13676 | D:11     | Noticed a purple ugly thing
 13684 | D:11     | Killed a purple ugly thing
 13684 | D:11     | Reached skill level 5 in Evocations
 13851 | D:11     | Reached XP level 11. HP: 21/89 MP: 8/24
 14137 | Lair:1   | Entered Level 1 of the Lair of Beasts
 14196 | Lair:1   | Noticed Joseph
 14207 | Lair:1   | Killed Joseph
 14207 | Lair:1   | Reached skill level 1 in Polearms
 14207 | Lair:1   | Reached skill level 1 in Staves
 14311 | Lair:1   | Noticed a four-headed hydra
 14340 | Lair:1   | Killed a four-headed hydra
 14465 | Lair:1   | Got a warped granite ring
 14466 | Lair:1   | Identified the ring of Ynnu {rF+++ rN+ Int+2 Dex-5 Stlth-} (You found it on level 1 of the Lair of Beasts)
 14470 | Lair:1   | Noticed Harold
 14480 | Lair:1   | Killed Harold
 14616 | Lair:1   | Learned a level 3 spell: Regeneration
 14989 | Lair:1   | Noticed Fannar
 14998 | Lair:1   | Killed Fannar
 15208 | Lair:1   | Reached skill level 5 in Polearms
 15208 | Lair:1   | Reached skill level 5 in Staves
 15428 | Lair:1   | Reached skill level 1 in Charms
 16179 | Lair:2   | Noticed a six-headed hydra
 16190 | Lair:2   | Killed a six-headed hydra
 16717 | Lair:3   | Noticed a six-headed hydra
 16761 | Lair:3   | Noticed a five-headed hydra
 16771 | Lair:3   | Killed a five-headed hydra
 16851 | Lair:3   | Reached XP level 12. HP: 93/96 MP: 18/25
 16925 | Lair:3   | Noticed Prince Ribbit
 16934 | Lair:3   | Killed Prince Ribbit
 17185 | Lair:3   | Found a staircase to the Swamp.
 17219 | Lair:3   | Reached skill level 5 in Charms
 17576 | Lair:3   | Killed a six-headed hydra
 17576 | Lair:3   | Reached skill level 10 in Necromancy
 18811 | Lair:4   | Found a staircase to the Snake Pit.
 19178 | Lair:5   | Identified the +6 whip of Ofedghatu {drain, rN+ Str-5 SInv} (You found it on level 5 of the Lair of Beasts)
 19218 | Lair:5   | Noticed a seven-headed hydra
 19228 | Lair:5   | Killed a seven-headed hydra
 20563 | D:2      | Noticed Crazy Yiuf
 20566 | D:2      | Killed Crazy Yiuf
 20626 | D:3      | Killed Sigmund
 21049 | Lair:6   | Entered Level 6 of the Lair of Beasts
 21113 | Lair:6   | Reached XP level 13. HP: 70/104 MP: 5/26
 22362 | Lair:6   | Found a staircase to the Slime Pits.
 22363 | Lair:6   | Found a viscous altar of Jiyva.
 22553 | Lair:6   | Noticed an entropy weaver
 22554 | Lair:6   | Noticed an entropy weaver
 22557 | Lair:6   | Killed an entropy weaver
 22557 | Lair:6   | Killed an entropy weaver
 23355 | Lair:6   | Identified the +2 helmet of Sovereignty {rPois MP+9 Int-2} (You found it on level 6 of the Lair of Beasts)
 23401 | Lair:6   | Identified the ring "Kiynnafu" {+Fly rPois rC+ Str-5 Dex+7} (You found it on level 6 of the Lair of Beasts)
 23416 | Lair:6   | Identified the +2 scale mail "Archooch" {rElec SInv} (You found it on level 6 of the Lair of Beasts)
 23629 | D:7      | Bought a pair of gloves for 99 gold pieces
 23629 | D:7      | Bought an embroidered scarf for 176 gold pieces
 23682 | D:7      | Identified a scroll of acquirement
 23685 | D:7      | Got a jewelled cloak
 23697 | D:7      | Identified the -3 cloak of Exzooluo {Dex+3 Slay+3} (You acquired it on level 7 of the Dungeon)
 23783 | Orc:1    | Entered Level 1 of the Orcish Mines
 23807 | Orc:1    | Found a flagged portal.
 23832 | Bailey   | Entered a bailey
 24059 | Bailey   | Found the +10 dark maul {crush}
 24302 | Orc:1    | Found Bamadgh's Armour Shoppe.
 24536 | Orc:2    | Entered Level 2 of the Orcish Mines
 24540 | Orc:2    | Noticed an orc warlord
 24559 | Orc:2    | Killed an orc warlord
 24559 | Orc:2    | Reached XP level 14. HP: 115/115 MP: 18/27
 24688 | Orc:2    | Found a roughly hewn altar of Beogh.
 24704 | Orc:2    | Found a staircase to the Elven Halls.
 24778 | Orc:2    | Found a roughly hewn altar of Beogh.
 24794 | Orc:2    | Found Xinesuas's Distillery.
 24814 | Orc:2    | Bought a potion of experience for 850 gold pieces
 24814 | Orc:2    | Reached XP level 15. HP: 123/123 MP: 24/28
 24934 | Orc:2    | Reached skill level 10 in Polearms
 25063 | Orc:2    | Found a roughly hewn altar of Beogh.
 25091 | Orc:2    | Found a roughly hewn altar of Beogh.
 25092 | Orc:2    | Found Eklotanym's Magic Scroll Shoppe.
 25313 | Orc:2    | Found a roughly hewn altar of Beogh.
 25608 | Orc:2    | Noticed Saint Roka
 25674 | Orc:2    | Killed Saint Roka
 25689 | Orc:2    | Found Otacvu's Antique Weapon Boutique.
 25689 | Orc:2    | Found a roughly hewn altar of Beogh.
 25691 | Orc:2    | Found Gomaesia's Antique Armour Shop.
 25777 | Orc:2    | Bought a scroll of identify for 28 gold pieces
 25777 | Orc:2    | Bought a scroll of enchant armour for 105 gold pieces
 25777 | Orc:2    | Bought a scroll of silence for 105 gold pieces
 25829 | Orc:2    | Bought a transparent leather armour for 245 gold pieces
 25831 | Orc:2    | Identified the +2 leather armour "Pite" {rF+} (You bought it in a shop on level 2 of the Orcish Mines)
 25928 | D:8      | Bought a scroll of identify for 64 gold pieces
 25928 | D:8      | Bought a cabochon ring for 160 gold pieces
 26952 | D:12     | Reached skill level 1 in Short Blades
 27486 | D:13     | Noticed Nessos
 27491 | D:13     | Killed Nessos
 27540 | D:13     | Found Pevon's General Store.
 27575 | D:13     | Found a labyrinth entrance.
 27596 | Lab      | Entered a labyrinth
 28175 | Lab      | Found the +0 sword of Power
 29295 | D:14     | Found a hazy altar of Hepliaklqana.
 29941 | D:14     | Found a gate to the Vaults.
 29986 | D:14     | Reached skill level 1 in Shields
 30295 | D:15     | Entered Level 15 of the Dungeon
 30295 | D:15     | Noticed Azrael
 30307 | D:15     | Killed Azrael
 30763 | D:15     | Noticed Agnes
 30782 | D:15     | Reached XP level 16. HP: 18/133 MP: 28/29
 30980 | D:15     | Killed Agnes
 30980 | D:15     | Reached skill level 5 in Short Blades
 30980 | D:15     | Reached skill level 10 in Dodging
 31292 | D:15     | Reached skill level 10 in Fighting
 31336 | D:15     | Reached skill level 10 in Evocations
 31598 | D:15     | Noticed Louise
 31607 | D:15     | Killed Louise
 31626 | D:15     | Found a staircase to the Depths.
 32005 | Snake:1  | Entered Level 1 of the Snake Pit
 32087 | Snake:1  | Noticed Frances
 32100 | Snake:1  | Killed Frances
 33215 | Lair:3   | Reached skill level 1 in Armour
 33239 | Swamp:1  | Entered Level 1 of the Swamp
 33489 | Swamp:1  | Paralysed by a hornet for 3 turns
 33670 | Swamp:1  | Noticed Josephine
 33679 | Swamp:1  | Killed Josephine
 34200 | Swamp:2  | Noticed Jorgrun
 34214 | Swamp:2  | Killed Jorgrun
 35128 | Swamp:3  | Reached XP level 17. HP: 122/141 MP: 30/30
 35297 | Swamp:3  | Learned a level 4 spell: Summon Lightning Spire
 35620 | Swamp:4  | Entered Level 4 of the Swamp
 35698 | Swamp:4  | Reached skill level 5 in Armour
 36583 | Swamp:4  | Noticed the 27-headed Lernaean hydra
 36675 | Swamp:4  | Killed the 27-headed Lernaean hydra
 36764 | Swamp:4  | Got a decaying rune of Zot
 37277 | Snake:2  | Reached skill level 1 in Summonings
 37279 | Snake:2  | Reached skill level 1 in Air Magic
 37301 | Snake:2  | Identified the +9 dagger of the Chickpea {pierce, Str+3} (You found it on level 2 of the Snake Pit)
 38798 | Snake:3  | Found Dyfoho's Gadget Shop.
 38798 | Snake:3  | Found Gale's Jewellery Shoppe.
 38799 | Snake:3  | Found Juaps's Gadget Shop.
 38812 | Snake:3  | Bought a wand of paralysis (13) for 315 gold pieces
 39252 | Snake:4  | Entered Level 4 of the Snake Pit
 39252 | Snake:4  | Noticed Bai Suzhen
 39270 | Snake:3  | Killed Bai Suzhen
 39759 | Snake:4  | Noticed Aizul
 39778 | Snake:4  | Killed Aizul
 39919 | Snake:4  | Reached skill level 5 in Summonings
 39919 | Snake:4  | Reached skill level 5 in Air Magic
 39977 | Snake:4  | Reached XP level 18. HP: 151/151 MP: 30/34
 40688 | Snake:4  | Got a serpentine rune of Zot
 41027 | Elf:1    | Entered Level 1 of the Elven Halls
 41332 | Elf:1    | Noticed a Hell Sentinel
 41533 | D:5      | Killed p0werm0de's ghost
 41886 | D:4      | Killed dscm's ghost
 42400 | Elf:1    | Noticed a Hell Sentinel
 42875 | Elf:1    | Found a shimmering altar of Xom.
 42901 | Elf:1    | Found Cuoch's Food Boutique.
 43278 | Elf:1    | Identified Tiza's Catalogue of Black Magic
 43322 | Elf:1    | Identified the Tome of Venom and Moulding
 43936 | Elf:2    | Learned a level 2 spell: Passwall
 44733 | Snake:3  | Bought the ring of the Mage {Wiz MR++ Int+3} for 827 gold pieces
 44733 | Snake:3  | Found the ring of the Mage {Wiz MR++ Int+3}
 45076 | Elf:2    | Found a runed gate.
 45076 | Elf:2    | Found a runed gate.
 45081 | Elf:2    | Found a runed gate.
 45401 | Elf:3    | Entered Level 3 of the Elven Halls
 45734 | Elf:3    | Reached skill level 10 in Spellcasting
 46418 | Elf:3    | Reached XP level 19. HP: 150/157 MP: 38/38
 46806 | Elf:3    | Reached skill level 5 in Stealth
 47215 | Elf:3    | Found the +4 Vampire's Tooth {vamp}
 47239 | Elf:3    | Identified the Collected Works on Confrontation and Translocation
 47258 | Elf:3    | Identified Vimogrou's Papyrus of Inquiry
 47271 | Elf:3    | Got a scorched jade ring
 47272 | Elf:3    | Identified the ring of Fapiuz {+Fly rElec rF- SInv Stlth+} (You found it on level 3 of the Elven Halls)
 47431 | Elf:3    | Identified the +1 scale mail of the Republic {Int+4} (You found it on level 3 of the Elven Halls)
 47719 | Vaults:1 | Entered Level 1 of the Vaults
 48026 | Vaults:1 | Reached skill level 10 in Earth Magic
 50152 | Vaults:2 | Reached XP level 20. HP: 165/165 MP: 34/39
 50239 | Vaults:2 | Found a staircase to the Crypt.
 50239 | Vaults:2 | Found an ancient bone altar of Kikubaaqudgha.
 50240 | Vaults:2 | Found a basalt altar of Yredelemnul.
 50486 | Vaults:3 | Reached skill level 10 in Stealth
 50859 | Vaults:3 | Identified the cursed +0 leather armour of Laesemot {rCorr Str+6 Dex-3 SInv} (You found it on level 3 of the Vaults)
 51970 | Vaults:4 | Found Raddokk's Book Shoppe.
 53200 | Vaults:4 | Reached skill level 10 in Armour
 53717 | Depths:1 | Entered Level 1 of the Depths
 53786 | Depths:1 | Reached XP level 21. HP: 174/174 MP: 42/42
 53848 | Depths:1 | Found a gateway to a ziggurat.
 53995 | Depths:1 | Found a basalt altar of Yredelemnul.
 54043 | Depths:1 | Reached skill level 5 in Shields
 54114 | Depths:1 | Found a one-way gate leading to the halls of Pandemonium.
 54971 | Depths:1 | Found a gateway to Hell.
 55535 | Depths:2 | Noticed Asterion
 55543 | Depths:2 | Killed Asterion
 55554 | Depths:2 | Noticed Nikola
 55575 | Depths:2 | Killed Nikola
 55804 | Depths:2 | Found Xumpasev's General Store.
 56550 | Depths:3 | Noticed Pad's ghost (veteran GrGl)
 56984 | Depths:4 | Noticed Xtahua
 56989 | Depths:4 | Paralysed by Xtahua for 4 turns
 56994 | Depths:3 | HP: 8/181 [Pad's ghost (19)]
 57142 | Depths:4 | Killed Xtahua
 57370 | Depths:3 | Noticed an ancient lich
 57388 | Depths:3 | Killed an ancient lich
 57535 | Depths:3 | Reached XP level 22. HP: 134/190 MP: 43/43
 57752 | Depths:3 | Paralysed by a floating eye for 3 turns
 57854 | Depths:3 | Reached skill level 10 in Shields
 57943 | Depths:4 | Found a one-way gate to the infinite horrors of the Abyss.
 58588 | Depths:4 | Reached skill level 15 in Fighting
 58656 | Depths:4 | Noticed a caustic shrike
 58656 | Depths:4 | an iron giant changed into a caustic shrike
 58657 | Depths:4 | Noticed a juggernaut
 58657 | Depths:4 | a caustic shrike changed into a juggernaut
 58658 | Depths:4 | Noticed a shard shrike
 58658 | Depths:4 | a juggernaut changed into a shard shrike
 58660 | Depths:4 | Noticed a juggernaut
 58660 | Depths:4 | a shard shrike changed into a juggernaut
 58661 | Depths:4 | a juggernaut changed into a glowing shapeshifter
 59048 | Depths:5 | Entered Level 5 of the Depths
 59076 | Depths:5 | Reached skill level 10 in Summonings
 59445 | Depths:5 | Found a shattered altar of Ashenzari.
 59843 | Depths:5 | Found Ebrighot's Gadget Shoppe.
 59843 | Depths:5 | Found Fiotsos's Assorted Antiques.
 59902 | Depths:5 | Found a gate to the Realm of Zot.
 61169 | Slime:1  | Entered Level 1 of the Pits of Slime
 62248 | Slime:3  | Reached XP level 23. HP: 159/199 MP: 44/44
 62924 | Slime:5  | Entered Level 5 of the Pits of Slime
 62924 | Slime:5  | Noticed Dissolution
 62937 | Slime:5  | Gained mutation: Your body sometimes deteriorates upon taking damage. [a shining eye]
 63082 | Slime:4  | Killed Dissolution
 63165 | Slime:4  | Gained mutation: Your spells are a little easier to cast, but a little less powerful. [a shining eye]
 63285 | Slime:5  | Noticed the Royal Jelly
 63637 | Slime:5  | Found a viscous altar of Jiyva.
 63783 | Slime:5  | Killed the Royal Jelly
 63988 | Slime:5  | Got a slimy rune of Zot
 64047 | Slime:5  | Identified the ring "Bewaeloc" {*Drain rC+ rN+++ MP+9 Str-2} (You found it on level 5 of the Pits of Slime)
 64104 | Slime:5  | Got a brightly glowing amethyst amulet
 64105 | Slime:5  | Identified the amulet "Yxkourr" {+Rage Int+2 Dex+6} (You found it on level 5 of the Pits of Slime)
 64217 | Slime:5  | Identified the +8 dagger of the Dead {holy, Int-2 Dex+5} (You found it on level 5 of the Pits of Slime)
 64516 | Orc:1    | Bought a +2 shield of fire resistance for 322 gold pieces
 64532 | Orc:1    | Lost mutation: Your body sometimes deteriorates upon taking damage. [potion of mutation]
 64532 | Orc:1    | Lost mutation: You expend magic power (3 MP) to strengthen your wands. [potion of mutation]
 64532 | Orc:1    | Lost mutation: Your spells are a little easier to cast, but a little less powerful. [potion of mutation]
 64532 | Orc:1    | Gained mutation: You are partially covered in icy blue scales. (AC +2) [potion of mutation]
 64532 | Orc:1    | Lost mutation: You are partially covered in icy blue scales. (AC +2) [potion of mutation]
 64532 | Orc:1    | Gained mutation: You are partially covered in large bone plates. (SH +4) [potion of mutation]
 64532 | Orc:1    | Gained mutation: You have a beak for a mouth. [potion of mutation]
 64943 | Vaults:5 | Entered Level 5 of the Vaults
 65890 | Vaults:5 | Got a bound brass ring
 65891 | Vaults:5 | Identified the ring "Forget-Me-Not" {rPois rN+ Int+2 SInv} (You found it on level 5 of the Vaults)
 66075 | Vaults:5 | Reached XP level 24. HP: 175/206 MP: 44/44
 66124 | Vaults:5 | Noticed PeterLawrence's ghost (veteran MiFi)
 66232 | Vaults:5 | Reached skill level 15 in Shields
 66904 | Vaults:5 | Found the +3 giant club "Skullcrusher" {speed, Str+7}
 66915 | Vaults:5 | Got a silver rune of Zot
 67188 | Crypt:1  | Entered Level 1 of the Crypt
 67303 | Crypt:1  | Noticed Khufu
 67307 | Crypt:1  | Noticed a greater mummy
 67308 | Crypt:1  | Noticed a greater mummy
 67322 | Crypt:1  | Killed Khufu
 67325 | Crypt:1  | Killed a greater mummy
 67524 | Crypt:1  | Killed a greater mummy
 68920 | Crypt:2  | Learned a level 5 spell: Lee's Rapid Deconstruction
 69167 | Crypt:3  | Entered Level 3 of the Crypt
 69541 | Crypt:3  | Found a basalt altar of Yredelemnul.
 69814 | Crypt:3  | Found the +12 glaive of Prune {chop}
 70103 | Crypt:3  | Noticed an ancient lich
 70116 | Crypt:3  | Killed an ancient lich
 70292 | Crypt:3  | Reached XP level 25. HP: 182/208 MP: 42/44
 70426 | Crypt:3  | Found a staircase to the Tomb.
 70736 | Vaults:4 | Bought a book of Minor Magic for 400 gold pieces
 70736 | Vaults:4 | Bought a book of Cantrips for 400 gold pieces
 70736 | Vaults:4 | Bought a Grand Grimoire for 2208 gold pieces
 70748 | Vaults:4 | Learned a level 1 spell: Apportation
 70751 | Vaults:4 | Learned a level 2 spell: Blink
 70759 | Vaults:4 | Learned a level 7 spell: Monstrous Menagerie
 70767 | Vaults:4 | Learned a level 7 spell: Malign Gateway
 71065 | D:8      | Bought a scroll of teleportation for 96 gold pieces
 71065 | D:8      | Bought a wide metal-bound book for 480 gold pieces
 71074 | D:8      | Learned a level 4 spell: Passage of Golubria
 71338 | Hell     | Entered the Vestibule of Hell
 71338 | Hell     | Noticed Geryon
 71346 | Hell     | Found a gateway to the freezing wastes of Cocytus.
 71381 | Hell     | Reached skill level 1 in Translocations
 71423 | Hell     | Reached skill level 15 in Summonings
 71436 | Hell     | Killed Geryon
 71791 | Hell     | Reached skill level 5 in Translocations
 72078 | Hell     | Found a gateway to the Iron City of Dis.
 72246 | Hell     | Found a gateway to the decaying netherworld of Tartarus.
 72322 | Hell     | Found a gateway to the ashen valley of Gehenna.
 72783 | Snake:3  | Bought a wand of acid (7) for 330 gold pieces
 72783 | Snake:3  | Bought a wand of scattershot (6) for 450 gold pieces
 72783 | Snake:3  | Bought a wand of acid (9) for 390 gold pieces
 73391 | Pan      | Entered the realm of Cerebov.
 73391 | Pan      | Entered Pandemonium
 73763 | Pan      | Found an exit through the horrors of the Abyss.
 74041 | Pan      | Got a heavily runed zirconium amulet
 74042 | Pan      | Identified the amulet of Free Expression {Spirit -Tele Dex+7} (You found it in Pandemonium)
 74232 | Pan      | Noticed Cerebov
 74401 | Pan      | HP: 9/213 [Cerebov/great blast of fire (45)]
 74566 | Pan      | Killed Cerebov
 74780 | Pan      | Got a fiery rune of Zot
 75036 | Pan      | Identified the cursed +3 dagger of Destiny {venom, rPois Dex+3} (You found it in Pandemonium)
 75461 | Pan      | Identified the +2 pair of boots of the Carpenter {rElec Int-5 Slay+2 SInv} (You acquired it in Pandemonium)
 75600 | Pan      | Reached skill level 10 in Short Blades
 75849 | Pan      | Noticed Orhat the pandemonium lord
 75858 | Pan      | Gained mutation: Armour fits poorly on your strangely shaped body. [a cacodemon]
 75876 | Pan      | Killed Orhat the pandemonium lord
 75876 | Pan      | Reached skill level 10 in Translocations
 76320 | Pan      | Found a white marble altar of Elyvilon.
 76447 | Pan      | Reached XP level 26. HP: 221/221 MP: 37/44
 77529 | Pan      | Found a glowing silver altar of Zin.
 77635 | Pan      | Identified the +3 large shield of Wyiraas {+Blink Regen+ Dex-2 Slay+5} (You took it off a daeva in Pandemonium)
 79581 | Pan      | Noticed a seraph
 79852 | Pan      | Killed a seraph
 79911 | Pan      | Found a glowing golden altar of the Shining One.
 79922 | Pan      | Identified the ring of Virtue {rN+ Int+2 Dex+2} (You found it in Pandemonium)
 79924 | Pan      | Identified the Almanac of Displacement and Air
 79926 | Pan      | Identified Sif Muna's Reference Book on Displaced Moulding
 79928 | Pan      | Got a demonic rune of Zot
 79932 | Pan      | Identified the ring "Nyas" {rF+ rC- rN+ Dex+2} (You found it in Pandemonium)
 80081 | Depths:1 | Escaped Pandemonium
 80092 | Pan      | Entered Pandemonium
 80103 | Pan      | Gained mutation: Your body sometimes deteriorates upon taking damage. [a neqoxec]
 80105 | Pan      | Gained mutation: You occasionally shout uncontrollably at your foes. [a neqoxec]
 80110 | Pan      | Reached skill level 1 in Long Blades
 80566 | Pan      | Reached skill level 5 in Long Blades
 80649 | Pan      | Noticed Mennas
 80697 | Pan      | Noticed Vesum the pandemonium lord
 80722 | Pan      | Found an exit through the horrors of the Abyss.
 80731 | Pan      | Took an exit into the Abyss.
 80731 | Abyss:1  | Escaped into the Abyss
 81272 | Abyss:3  | Found a corrupted altar of Lugonu.
 81594 | Abyss:3  | Reached XP level 27. HP: 155/186 MP: 40/44
 82087 | Abyss:3  | Gained mutation: You tend to lose your temper in combat. [a neqoxec]
 82266 | Abyss:3  | Found a corrupted altar of Lugonu.
 82268 | Abyss:3  | Got an abyssal rune of Zot
 82271 | Abyss:3  | Found a corrupted altar of Lugonu.
 82318 | Depths:1 | Escaped the Abyss
 82323 | Depths:1 | Lost mutation: You tend to lose your temper in combat. [potion of mutation]
 82323 | Depths:1 | Lost mutation: You are agile. (Dex +2) [potion of mutation]
 82323 | Depths:1 | Lost mutation: Your body sometimes deteriorates upon taking damage. [potion of mutation]
 82323 | Depths:1 | Lost mutation: You occasionally shout uncontrollably at your foes. [potion of mutation]
 82323 | Depths:1 | Gained mutation: Scrolls take you a little longer to read. [potion of mutation]
 82323 | Depths:1 | Gained mutation: You are resistant to hostile enchantments. (MR+) [potion of mutation]
 82323 | Depths:1 | Gained mutation: You are mostly covered in large bone plates. (SH +6) [potion of mutation]
 82324 | Depths:1 | Lost mutation: You are resistant to hostile enchantments. (MR+) [potion of mutation]
 82324 | Depths:1 | Lost mutation: Armour fits poorly on your strangely shaped body. [potion of mutation]
 82324 | Depths:1 | Gained mutation: You are completely covered in large bone plates. (SH +8) [potion of mutation]
 82324 | Depths:1 | Gained mutation: Your muscles are strong. (Str +2) [potion of mutation]
 82325 | Depths:1 | Lost mutation: You are completely covered in large bone plates. (SH +8) [potion of mutation]
 82325 | Depths:1 | Lost mutation: You are mostly covered in large bone plates. (SH +6) [potion of mutation]
 82325 | Depths:1 | Gained mutation: Your body sometimes deteriorates upon taking damage. [potion of mutation]
 82325 | Depths:1 | Gained mutation: You can translocate small distances at will. [potion of mutation]
 82325 | Depths:1 | Gained mutation: You are somewhat resistant to further mutation. [potion of mutation]
 82325 | Depths:1 | Gained mutation: You are mostly covered in large bone plates. (SH +6) [potion of mutation]
 82330 | Pan      | Entered Pandemonium
 82339 | Pan      | Found an exit through the horrors of the Abyss.
 82359 | Pan      | Noticed Pewitumo the pandemonium lord
 82490 | Pan      | Found an exit through the horrors of the Abyss.
 83486 | Pan      | Entered the realm of Gloorx Vloq.
 83637 | Pan      | Found an exit through the horrors of the Abyss.
 83950 | Pan      | Noticed Gloorx Vloq
 85143 | Pan      | Got a dark rune of Zot
 85329 | Pan      | Killed Gloorx Vloq
 85553 | Pan      | Reached skill level 15 in Armour
 85553 | Pan      | Reached skill level 15 in Dodging
 85635 | Pan      | Entered the realm of Mnoleg.
 85847 | Pan      | Noticed Mnoleg
 85856 | Pan      | Got a glowing rune of Zot
 85871 | Pan      | Killed Mnoleg
 86036 | Pan      | Noticed Kehomub the pandemonium lord
 86060 | Pan      | Entered the realm of Lom Lobon.
 86116 | Pan      | Found an exit through the horrors of the Abyss.
 87058 | Pan      | Noticed Lom Lobon
 87413 | Pan      | Got a magical rune of Zot
 87493 | Pan      | Took an exit into the Abyss.
 87493 | Abyss:1  | Escaped into the Abyss
 87734 | Depths:1 | Escaped the Abyss
 87738 | Depths:1 | Upgraded the game from 0.21.2 to 0.21.2-1-g0862bd2
 88117 | Crypt:3  | Upgraded the game from 0.21.2-1-g0862bd2 to 0.21.2-1-g0862bd23eb
 88430 | Vaults:5 | Killed PeterLawrence's ghost
 89098 | Snake:3  | Bought a wand of enslavement (22) for 360 gold pieces
 89098 | Snake:3  | Bought a wand of iceblast (11) for 225 gold pieces
 89346 | Orc:2    | Bought a scroll of fog for 28 gold pieces
 89346 | Orc:2    | Bought a scroll of fog for 28 gold pieces
 89346 | Orc:2    | Bought a scroll of teleportation for 42 gold pieces
 89346 | Orc:2    | Bought a scroll of teleportation for 42 gold pieces
 89411 | Orc:2    | Bought a potion of mutation for 136 gold pieces
 89411 | Orc:2    | Bought a potion of magic for 136 gold pieces
 89411 | Orc:2    | Bought a potion of curing for 51 gold pieces
 89411 | Orc:2    | Bought a potion of curing for 51 gold pieces
 89411 | Orc:2    | Bought a potion of curing for 51 gold pieces
 89411 | Orc:2    | Bought a potion of cancellation for 136 gold pieces
 89584 | D:13     | Bought a scroll of acquirement for 884 gold pieces
 89708 | Depths:2 | Bought a scroll of acquirement for 572 gold pieces
 89715 | Depths:2 | Identified the +0 hat of Liberalism {rC+ Slay+4} (You acquired it on level 2 of the Depths)
 89900 | Depths:3 | Killed Pad's ghost
 90106 | Depths:3 | Cast into level 5 of the Abyss (a Zot trap)
 90106 | Abyss:5  | Entered Level 5 of the Abyss
 90120 | Depths:3 | Escaped the Abyss
 90181 | Depths:3 | Found the +8 trident of the Octopus King {venom, rElec rPois MR+}
 90585 | Depths:3 | Identified the amulet "Veschuf" {Inacc rPois Str+2} (You found it on level 3 of the Depths)
 91057 | Zot:1    | Entered Level 1 of the Realm of Zot
 91919 | Zot:1    | Noticed an orb of fire
 91923 | Zot:1    | Gained mutation: Potions are less effective at restoring your health. [an orb of fire]
 91924 | Zot:1    | Gained mutation: You expend magic power (3 MP) to strengthen your wands. [an orb of fire]
 91934 | Zot:1    | Gained mutation: You do not regenerate when monsters are visible. [an orb of fire]
 91954 | Zot:1    | Killed an orb of fire
 92097 | Zot:1    | Lost mutation: Your muscles are strong. (Str +2) [potion of mutation]
 92097 | Zot:1    | Lost mutation: Your body sometimes deteriorates upon taking damage. [potion of mutation]
 92097 | Zot:1    | Lost mutation: You expend magic power (3 MP) to strengthen your wands. [potion of mutation]
 92097 | Zot:1    | Lost mutation: You are somewhat resistant to further mutation. [potion of mutation]
 92097 | Zot:1    | Gained mutation: You are resistant to hostile enchantments. (MR+) [potion of mutation]
 92097 | Zot:1    | Gained mutation: You have a pair of small antennae on your head. [potion of mutation]
 93812 | Zot:3    | Noticed an orb of fire
 94043 | Zot:3    | Gained mutation: You are frail. (-10% HP) [an orb of fire]
 94051 | Zot:3    | Killed an orb of fire
 94400 | Zot:3    | Identified the +5 scimitar of Cocytus {drain, Str+7 Stlth+} (You found it on level 3 of the Realm of Zot)
 95596 | Zot:4    | Reached skill level 1 in Throwing
 95789 | Zot:4    | Reached skill level 15 in Stealth
 96342 | Zot:4    | Reached skill level 5 in Throwing
 96546 | Zot:5    | Entered Level 5 of the Realm of Zot
 96777 | Zot:5    | Noticed an ancient lich
 96786 | Zot:5    | Killed an ancient lich
 96975 | Zot:5    | Noticed an ancient lich
 96987 | Zot:5    | Killed an ancient lich
 97045 | Zot:5    | Noticed an ancient lich
 97231 | Zot:5    | Killed an ancient lich
 97363 | Zot:5    | Noticed an ancient lich
 97378 | Zot:5    | Killed an ancient lich
 97696 | Zot:5    | Noticed an ancient lich
 97707 | Zot:5    | Killed an ancient lich
 97871 | Zot:5    | Noticed an ancient lich
 97902 | Zot:5    | Cast into level 5 of the Abyss (an ancient lich)
 97902 | Abyss:5  | Entered Level 5 of the Abyss
 98125 | Abyss:5  | Found a sparkling altar of Nemelex Xobeh.
 98166 | Abyss:5  | Reached skill level 10 in Throwing
 98216 | Zot:5    | Escaped the Abyss
 98225 | Zot:5    | Killed an ancient lich
 98922 | Zot:5    | Reached skill level 15 in Evocations
 98926 | Zot:5    | Reached skill level 1 in Transmutations
 98970 | Zot:5    | Noticed an orb of fire
 98986 | Zot:5    | Killed an orb of fire
 99140 | Zot:5    | Noticed an orb of fire
 99215 | Zot:5    | Gained mutation: You are clumsy. (Dex -2) [an orb of fire]
 99225 | Zot:5    | Gained mutation: You are very frail. (-20% HP) [an orb of fire]
 99229 | Zot:5    | Gained mutation: Scrolls take you longer to read. [an orb of fire]
 99230 | Zot:5    | Killed an orb of fire
 99331 | Zot:5    | Noticed an orb of fire
 99333 | Zot:5    | Gained mutation: You are dopey. (Int -2) [an orb of fire]
 99337 | Zot:5    | Noticed an orb of fire
 99347 | Zot:5    | Killed an orb of fire
 99355 | Zot:5    | Killed an orb of fire
 99733 | Zot:5    | Noticed an ancient lich
 99740 | Zot:5    | Killed an ancient lich
100281 | Vaults:5 | Learned a level 6 spell: Deflect Missiles
100609 | Depths:5 | Bought a scroll of identify for 86 gold pieces
100609 | Depths:5 | Bought a potion of curing for 129 gold pieces
100609 | Depths:5 | Bought a scroll of fog for 86 gold pieces
100615 | Depths:5 | Bought a box of beasts for 360 gold pieces
100615 | Depths:5 | Bought a wand of iceblast (10) for 252 gold pieces
100615 | Depths:5 | Bought a wand of acid (10) for 504 gold pieces
100615 | Depths:5 | Bought a box of beasts for 360 gold pieces
100615 | Depths:5 | Bought a wand of iceblast (6) for 180 gold pieces
102462 | Zot:5    | Got the Orb of Zot
102917 | D:$      | Escaped with the Orb!

Skill      XL: |  1  2  3  4  5  6  7  8  9 10 11 12 13 14 15 16 17 18 19 20 21 22 23 24 25 26 27 |
---------------+----------------------------------------------------------------------------------+-----
Spellcasting   | 2 3 4 6 7 10 12 14 | 14.0
Necromancy     | 4 5 6 7 8 9 10 12 | 12.0
Earth Magic    | 2 5 7 8 11 12 | 12.0
Dodging        | 5 6 8 9 10 11 12 14 16 | 16.0
Fighting       | 4 6 8 9 10 11 12 14 15 16 18 | 18.0
Evocations     | 5 6 8 9 10 16 | 16.0
Polearms       | 5 9 11 13 | 13.6
Staves         | 5 |  5.0
Charms         | 4 8 9 |  9.4
Short Blades   | 4 6 8 11 12 14 | 14.1
Shields        | 4 9 12 14 15 | 15.0
Armour         | 4 8 10 11 12 14 16 | 16.0
Summonings     | 5 8 12 14 16 18 | 18.0
Air Magic      | 5 8 9 |  9.4
Stealth        | 3 9 10 11 12 15 | 15.0
Translocations | 10 12 14 | 14.0
Long Blades    | 8 9 |  9.6
Throwing       | 10 | 10.0
Transmutations | 4 |  4.0

Action                   |  1- 3 |  4- 6 |  7- 9 | 10-12 | 13-15 | 16-18 | 19-21 | 22-24 | 25-27 || total
-------------------------+-------+-------+-------+-------+-------+-------+-------+-------+-------++-------
Melee: Halberd           |     4 |     5 |       |       |       |       |       |       |       ||     9
       Dagger            |       |    19 |   149 |       |    97 |    82 |     5 |     8 |    27 ||   387
       Hand axe          |       |       |    30 |     7 |       |       |       |       |       ||    37
       Spear             |       |       |       |   108 |       |       |       |       |       ||   108
       Staff             |       |       |       |    51 |   242 |    12 |       |       |       ||   305
       Trident           |       |       |       |   222 |   345 |    23 |       |       |       ||   590
       Whip              |       |       |       |     8 |    28 |    21 |       |       |       ||    57
       Demon trident     |       |       |       |       |       |  1011 |  1423 |  2124 |  4328 ||  8886
       Peck              |       |       |       |       |       |       |       |   286 |  1057 ||  1343
       Eudemon blade     |       |       |       |       |       |       |       |       |     7 ||     7
 Fire: Blowgun           |       |       |       |       |       |       |       |       |    24 ||    24
Throw: Throwing net      |       |       |       |     1 |       |       |       |       |       ||     1
 Cast: Pain              |    56 |   121 |    49 |       |       |       |       |       |       ||   226
       Animate Skeleton  |    11 |    31 |    16 |    56 |    42 |    32 |    62 |    31 |    20 ||   301
       Vampiric Draining |       |     6 |    13 |       |       |       |    11 |     2 |       ||    32
       Borgnjor's Vile C |       |       |    30 |   127 |   174 |   288 |   237 |   212 |   529 ||  1597
       Animate Dead      |       |       |     5 |    18 |    44 |    76 |    55 |    34 |    58 ||   290
       Regeneration      |       |       |       |     5 |     7 |    15 |    24 |    32 |   112 ||   195
       Summon Lightning  |       |       |       |       |       |     5 |    19 |    41 |    66 ||   131
       Passwall          |       |       |       |       |       |     2 |     1 |       |     5 ||     8
       Monstrous Menager |       |       |       |       |       |       |       |       |    73 ||    73
       Malign Gateway    |       |       |       |       |       |       |       |       |    30 ||    30
       Apportation       |       |       |       |       |       |       |       |       |    13 ||    13
       Blink             |       |       |       |       |       |       |       |       |     9 ||     9
       Lee's Rapid Decon |       |       |       |       |       |       |       |       |     8 ||     8
       Deflect Missiles  |       |       |       |       |       |       |       |       |     1 ||     1
 Abil: Stop Flying       |       |       |       |       |       |       |       |     1 |     1 ||     2
       Evoke Flight      |       |       |       |       |       |       |       |       |     1 ||     1
Evoke: Wand              |       |       |     2 |    12 |    11 |    28 |     8 |    18 |    66 ||   145
       Lamp of fire      |       |       |       |       |     2 |     1 |     2 |     4 |     1 ||    10
       Box of beasts     |       |       |       |       |       |     2 |     1 |       |     3 ||     6
       Sack of spiders   |       |       |       |       |       |       |     1 |       |    12 ||    13
       Lightning rod     |       |       |       |       |       |       |       |     6 |     1 ||     7
       Phial of floods   |       |       |       |       |       |       |       |       |     2 ||     2
  Use: Scroll            |     2 |     7 |     8 |    14 |    17 |    16 |     7 |    20 |    54 ||   145
       Potion            |       |     8 |       |       |     5 |     4 |     1 |    16 |    30 ||    64
 Stab: Sleeping          |       |     2 |     2 |     9 |     5 |     4 |    24 |    18 |    29 ||    93
       Distracted        |       |     1 |       |     5 |     7 |    23 |    15 |    33 |    93 ||   177
       Invisible         |       |       |       |       |     6 |       |       |       |       ||     6
       Paralysed         |       |       |       |       |       |     2 |       |       |    14 ||    16
       Petrifying        |       |       |       |       |       |       |       |       |     1 ||     1
  Eat: Chunk             |     4 |     8 |    18 |    46 |    59 |    62 |    49 |    19 |    22 ||   287
       Ration            |       |       |     3 |     7 |     6 |    16 |     2 |    10 |    45 ||    89
Armor: Robe              |     2 |     6 |    30 |    53 |   167 |   194 |       |       |       ||   452
       Leather armour    |       |       |       |       |       |    12 |    40 |       |       ||    52
       Acid dragon scale |       |       |       |       |       |       |   187 |   438 |   751 ||  1376
Dodge: Dodged            |    11 |    33 |   158 |   253 |   536 |   568 |   469 |   898 |  1729 ||  4655
       Deflected         |       |       |       |       |       |       |       |       |     1 ||     1
Block: Buckler           |       |       |       |       |    46 |   228 |   232 |   326 |       ||   832
       Shield            |       |       |       |       |       |       |       |   684 |  2922 ||  3606
       Rpst.: Eudemon blade |       |       |       |       |       |       |       |       |     2 ||     2

Action                   |  1- 3 |  4- 6 |  7- 9 | 10-12 | 13-15 | 16-18 | 19-21 | 22-24 | 25-27 || total
-------------------------+-------+-------+-------+-------+-------+-------+-------+-------+-------++-------
Melee: Halberd           |     4 |     5 |       |       |       |       |       |       |       ||     9
       Dagger            |       |    19 |   149 |       |    97 |    82 |     5 |     8 |    27 ||   387
       Hand axe          |       |       |    30 |     7 |       |       |       |       |       ||    37
       Spear             |       |       |       |   108 |       |       |       |       |       ||   108
       Staff             |       |       |       |    51 |   242 |    12 |       |       |       ||   305
       Trident           |       |       |       |   222 |   345 |    23 |       |       |       ||   590
       Whip              |       |       |       |     8 |    28 |    21 |       |       |       ||    57
       Demon trident     |       |       |       |       |       |  1011 |  1423 |  2124 |  4328 ||  8886
       Peck              |       |       |       |       |       |       |       |   286 |  1057 ||  1343
       Eudemon blade     |       |       |       |       |       |       |       |       |     7 ||     7
 Fire: Blowgun           |       |       |       |       |       |       |       |       |    24 ||    24
Throw: Throwing net      |       |       |       |     1 |       |       |       |       |       ||     1
 Cast: Pain              |    56 |   121 |    49 |       |       |       |       |       |       ||   226
       Animate Skeleton  |    11 |    31 |    16 |    56 |    42 |    32 |    62 |    31 |    20 ||   301
       Vampiric Draining |       |     6 |    13 |       |       |       |    11 |     2 |       ||    32
       Borgnjor's Vile C |       |       |    30 |   127 |   174 |   288 |   237 |   212 |   529 ||  1597
       Animate Dead      |       |       |     5 |    18 |    44 |    76 |    55 |    34 |    58 ||   290
       Regeneration      |       |       |       |     5 |     7 |    15 |    24 |    32 |   112 ||   195
       Summon Lightning  |       |       |       |       |       |     5 |    19 |    41 |    66 ||   131
       Passwall          |       |       |       |       |       |     2 |     1 |       |     5 ||     8
       Monstrous Menager |       |       |       |       |       |       |       |       |    73 ||    73
       Malign Gateway    |       |       |       |       |       |       |       |       |    30 ||    30
       Apportation       |       |       |       |       |       |       |       |       |    13 ||    13
       Blink             |       |       |       |       |       |       |       |       |     9 ||     9
       Lee's Rapid Decon |       |       |       |       |       |       |       |       |     8 ||     8
       Deflect Missiles  |       |       |       |       |       |       |       |       |     1 ||     1
 Abil: Stop Flying       |       |       |       |       |       |       |       |     1 |     1 ||     2
       Evoke Flight      |       |       |       |       |       |       |       |       |     1 ||     1
Evoke: Wand              |       |       |     2 |    12 |    11 |    28 |     8 |    18 |    66 ||   145
       Lamp of fire      |       |       |       |       |     2 |     1 |     2 |     4 |     1 ||    10
       Box of beasts     |       |       |       |       |       |     2 |     1 |       |     3 ||     6
       Sack of spiders   |       |       |       |       |       |       |     1 |       |    12 ||    13
       Lightning rod     |       |       |       |       |       |       |       |     6 |     1 ||     7
       Phial of floods   |       |       |       |       |       |       |       |       |     2 ||     2
  Use: Scroll            |     2 |     7 |     8 |    14 |    17 |    16 |     7 |    20 |    54 ||   145
       Potion            |       |     8 |       |       |     5 |     4 |     1 |    16 |    30 ||    64
 Stab: Sleeping          |       |     2 |     2 |     9 |     5 |     4 |    24 |    18 |    29 ||    93
       Distracted        |       |     1 |       |     5 |     7 |    23 |    15 |    33 |    93 ||   177
       Invisible         |       |       |       |       |     6 |       |       |       |       ||     6
       Paralysed         |       |       |       |       |       |     2 |       |       |    14 ||    16
       Petrifying        |       |       |       |       |       |       |       |       |     1 ||     1
  Eat: Chunk             |     4 |     8 |    18 |    46 |    59 |    62 |    49 |    19 |    22 ||   287
       Ration            |       |       |     3 |     7 |     6 |    16 |     2 |    10 |    45 ||    89
Armor: Robe              |     2 |     6 |    30 |    53 |   167 |   194 |       |       |       ||   452
       Leather armour    |       |       |       |       |       |    12 |    40 |       |       ||    52
       Acid dragon scale |       |       |       |       |       |       |   187 |   438 |   751 ||  1376
Dodge: Dodged            |    11 |    33 |   158 |   253 |   536 |   568 |   469 |   898 |  1729 ||  4655
       Deflected         |       |       |       |       |       |       |       |       |     1 ||     1
Block: Buckler           |       |       |       |       |    46 |   228 |   232 |   326 |       ||   832
       Shield            |       |       |       |       |       |       |       |   684 |  2922 ||  3606
       Rpst.: Eudemon blade |       |       |       |       |       |       |       |       |     2 ||     2
